 Dungeon Crawl Stone Soup version 0.31-a0-210-gccc998df9b (webtiles) character file.

Game seed: 9718280618789088086

224 qw the Shooter (level 5, -3/45 HPs)
             Began as a Minotaur Hexslinger on June 29, 2023.
             Slain by a gnoll
             ... wielding a +0 spear
              (4 damage)
             ... on level 3 of the Dungeon.
             The game lasted 00:01:28 (2525 turns).

qw the Shooter (Minotaur Hexslinger)                Turns: 2525, Time: 00:01:29

Health: -3/45      AC:  6    Str: 13    XL:     5   Next: 67%
Magic:  5/5        EV: 11    Int: 10    God:
Gold:   160        SH:  0    Dex: 14    Spells: 5/6 levels left

rFire   . . .        Y - +1 sling (flame)
rCold   . . .        (no shield)
rNeg    . . .        h - +0 ring mail
rPois   .            (helmet restricted)
rElec   .            a - +0 cloak
rCorr   .            (no gloves)
SInv    +            (no boots)
Will    .....        (no amulet)
Stlth   +            d - ring of see invisible
HPRegen 0.27/turn    (no ring)
MPRegen 0.09/turn

%: no passive effects
@: about to teleport
A: horns 2, retaliatory headbutt
a: no special abilities


You were on level 3 of the Dungeon.
You visited 1 branch of the dungeon, and saw 3 of its levels.

You collected 160 gold pieces.


Innate Abilities, Weirdness & Mutations

You have a pair of horns on your head.
You reflexively headbutt those who attack you in melee.


   Skills:
 - Level 3.0 Fighting
 + Level 5.9 Ranged Weapons
 - Level 1.0 Armour
 - Level 2.1 Dodging
 - Level 1.0 Spellcasting
 - Level 2.0 Hexes


You had 5 spell levels left.
You knew the following spells:

 Your Spells              Type           Power      Damage    Failure   Level
a - Slow                  Hex            16%        N/A       32%         1

Your spell library contained the following spells:

 Spells                   Type           Power      Damage    Failure   Level
 Inner Flame              Hex/Fire       2%         N/A       82%         3
 Portal Projectile        Hex/Tloc       4%         N/A       82%         3
 Cause Fear               Hex            2%         N/A       97%         4

Inventory:

Hand Weapons
 Y - a +1 sling of flaming (weapon)
Armour
 a - a +0 cloak (worn)
 h - a +0 ring mail (worn)
Jewellery
 d - a ring of see invisible (left hand)
Potions
 c - a potion of lignification {unknown}
 e - a potion of degeneration {unknown}
 g - a potion of resistance {unknown}
 j - a potion of curing {unknown}

Dungeon Overview and Level Annotations

Branches:
Dungeon (3/15)

Altars:

Shops:
D:3 [


Message History

The kobold brigand is moderately wounded.
The gnoll closely misses you. The gnoll hits you but does no damage.
The kobold brigand hits you with a +0 short sword.
A kobold comes into view. It is wielding a +0 club.
The gnoll barely misses you.
The kobold brigand completely misses you.
The gnoll barely misses you. x2
You shoot a sling bullet.
The sling bullet hits the kobold brigand!
The sling bullet burns the kobold brigand.
The kobold brigand is heavily wounded.
The gnoll barely misses you. The gnoll hits you with a +0 club.
The kobold brigand hits you with a +0 short sword.
The gnoll hits you from afar with a +0 spear.
You shoot a sling bullet.
The sling bullet hits the kobold brigand.
The sling bullet burns the kobold brigand.
The kobold brigand is almost dead.
The gnoll hits you from afar with a +0 spear.
The gnoll hits you with a +0 club.
The gnoll hits you from afar with a +0 spear.
The kobold brigand misses you. The kobold closely misses you.
You furiously retaliate!
You headbutt the kobold!
You kill the kobold!
You shoot a sling bullet.
The sling bullet barely misses the kobold brigand.
The sling bullet hits the gnoll.
The sling bullet burns the gnoll.
The gnoll is heavily wounded.
The kobold barely misses you. You furiously retaliate!
You headbutt the kobold.
You kill the kobold!
The gnoll closely misses you. The gnoll hits you but does no damage.
The kobold brigand barely misses you.
The gnoll hits you from afar with a +0 spear.
2525 ||| READING scroll of teleportation.
As you read the scroll of teleportation, it crumbles to dust.
You feel strangely unstable. The gnoll hits you with a +0 club.
The kobold brigand hits you with a +0 short sword.
The gnoll hits you from afar with a +0 spear.
You die...

~~~~~~~~~~~~~~~~~~~~~~~~~~~~~
~~~~~~~#####~~~~~~~~~~~~~~~~~
~~~~~~~# ##################
~~~~~~~#. #......## ##.....#
~~~~~~#.. #.......###......'
#'##........#.......#
#.g.........#..(...(.
#..Kg)......'........
#.g)@.......#........
#+##........#.......#
#.......###......' #......##
##.....# ######## #######


You could see a kobold brigand and 3 gnolls.

Vanquished Creatures
  7 gnolls (D:3)
  4 adders
  2 worms
  2 dart slugs
  2 orcs (D:3)
  7 bats
  2 bat skeletons (D:2)
  2 bat zombies (D:2)
  10 endoplasms
  2 giant cockroaches (D:2)
  8 goblins
  4 hobgoblins
  3 jackals (D:1)
  30 kobolds
  A quokka (D:1)
  6 ball pythons
  6 frilled lizards
  A jackal skeleton (D:2)
  11 rats
110 creatures vanquished.

Notes
Turn   | Place    | Note
-------+----------+-------------------------------------------
     0 | D:1      | qw the Minotaur Hexslinger began the quest for the Orb.
     0 | D:1      | Reached XP level 1. HP: 16/16 MP: 1/1
     0 | D:1      | 0 ||| qw: Version: 0.3-a-24-ga2abf7b
     0 | D:1      | 0 ||| qw: Game counter: 6932
     0 | D:1      | 0 ||| qw: Melee chars always use a shield: true
     0 | D:1      | 0 ||| qw: God list: Okawaru
     0 | D:1      | 0 ||| qw: Allow faded altars: false
     0 | D:1      | 0 ||| qw: Do Orc after clearing Dungeon:15 true
     0 | D:1      | 0 ||| qw: Do second Lair branch before Depths: true
     0 | D:1      | 0 ||| qw: Lair rune preference: random
     0 | D:1      | 0 ||| qw: Goals: Normal
     0 | D:1      | 0 ||| PLANNING D:1-11
   136 | D:1      | 136 ||| FLEEEEING.
   137 | D:1      | 137 ||| FLEEEEING.
   162 | D:1      | Reached skill level 3 in Ranged Weapons
   171 | D:1      | Reached XP level 2. HP: 23/23 MP: 2/2
   445 | D:1      | Reached XP level 3. HP: 27/29 MP: 3/3
   867 | D:1      | 867 ||| UPGRADING to +0 leather armour.
   877 | D:1      | 877 ||| DROPPING +0 robe.
   878 | D:1      | 878 ||| UPGRADING to +0 ring mail.
   888 | D:1      | 888 ||| DROPPING +0 leather armour.
   889 | D:1      | 889 ||| READING scroll labelled XEORIU DOPRYS.
   892 | D:1      | 892 ||| READING scroll labelled WAFIXYN YHUSUFF.
   946 | D:1      | 946 ||| DROPPING scroll of poison.
   985 | D:2      | Reached skill level 4 in Ranged Weapons
  1015 | D:2      | Reached skill level 1 in Armour
  1162 | D:2      | 1162 ||| READING 3 scrolls labelled REMABLANATH.
  1163 | D:2      | 1163 ||| READING 2 scrolls of brand weapon.
  1163 | D:2      | 1163 ||| BRANDING +1 sling of draining.
  1164 | D:2      | 1164 ||| READING scroll of brand weapon.
  1164 | D:2      | 1164 ||| BRANDING +1 sling of freezing.
  1165 | D:2      | 1165 ||| DRINKING 3 black potions.
  1174 | D:2      | Reached XP level 4. HP: 36/36 MP: 4/4
  1224 | D:2      | 1224 ||| UPGRADING to +0 cloak.
  1420 | D:2      | 1420 ||| READING scroll labelled LEUTEU FICVU.
  1421 | D:2      | 1421 ||| DRINKING 2 viscous cyan potions.
  1422 | D:2      | 1422 ||| DROPPING potion of attraction.
  1437 | D:3      | 1437 ||| STAIRDANCE
  1550 | D:3      | Found Pyqu Omm's Armour Boutique.
  1560 | D:3      | 1560 ||| SHOPLISTING +1 leather armour of willpower (154
                  | gold, have 128).
  1560 | D:3      | 1560 ||| SHOPLISTING scarf "Viblaere" {repulsion, rF+} (264
                  | gold, have 128).
  1598 | D:3      | Reached skill level 5 in Ranged Weapons
  1970 | D:3      | Reached skill level 3 in Fighting
  1970 | D:3      | Reached XP level 5. HP: 45/45 MP: 5/5
  1999 | D:3      | 1999 ||| Stepping ~*~*~tactically~*~*~ (outnumbered).
  2010 | D:3      | HP: 11/45 [gnoll/+0 spear (3)]
  2011 | D:3      | 2011 ||| READING 2 scrolls of teleportation.
  2012 | D:3      | 2012 ||| DRINKING 2 potions of heal wounds.
  2015 | D:3      | 2015 ||| DRINKING potion of heal wounds.
  2233 | D:3      | 2233 ||| FLEEEEING.
  2234 | D:3      | 2234 ||| FLEEEEING.
  2330 | D:3      | 2330 ||| FLEEEEING.
  2331 | D:3      | 2331 ||| FLEEEEING.
  2332 | D:3      | 2332 ||| FLEEEEING.
  2333 | D:3      | 2333 ||| FLEEEEING.
  2334 | D:3      | 2334 ||| FLEEEEING.
  2335 | D:3      | 2335 ||| FLEEEEING.
  2336 | D:3      | 2336 ||| FLEEEEING.
  2337 | D:3      | 2337 ||| FLEEEEING.
  2341 | D:3      | 2341 ||| FLEEEEING.
  2343 | D:3      | 2343 ||| FLEEEEING.
  2344 | D:3      | 2344 ||| FLEEEEING.
  2345 | D:3      | 2345 ||| FLEEEEING.
  2346 | D:3      | 2346 ||| FLEEEEING.
  2348 | D:3      | 2348 ||| FLEEEEING.
  2349 | D:3      | 2349 ||| FLEEEEING.
  2350 | D:3      | 2350 ||| FLEEEEING.
  2351 | D:3      | 2351 ||| FLEEEEING.
  2352 | D:3      | 2352 ||| FLEEEEING.
  2353 | D:3      | 2353 ||| FLEEEEING.
  2354 | D:3      | 2354 ||| FLEEEEING.
  2355 | D:3      | 2355 ||| FLEEEEING.
  2356 | D:3      | 2356 ||| FLEEEEING.
  2357 | D:3      | 2357 ||| FLEEEEING.
  2358 | D:3      | 2358 ||| FLEEEEING.
  2360 | D:3      | 2360 ||| FLEEEEING.
  2361 | D:3      | 2361 ||| FLEEEEING.
  2362 | D:3      | 2362 ||| FLEEEEING.
  2364 | D:3      | 2364 ||| FLEEEEING.
  2365 | D:3      | 2365 ||| FLEEEEING.
  2366 | D:3      | 2366 ||| FLEEEEING.
  2367 | D:3      | 2367 ||| FLEEEEING.
  2368 | D:3      | 2368 ||| FLEEEEING.
  2369 | D:3      | 2369 ||| FLEEEEING.
  2370 | D:3      | 2370 ||| FLEEEEING.
  2371 | D:3      | 2371 ||| FLEEEEING.
  2372 | D:3      | 2372 ||| FLEEEEING.
  2373 | D:3      | 2373 ||| FLEEEEING.
  2374 | D:3      | 2374 ||| FLEEEEING.
  2375 | D:3      | 2375 ||| FLEEEEING.
  2376 | D:3      | 2376 ||| FLEEEEING.
  2377 | D:3      | 2377 ||| FLEEEEING.
  2378 | D:3      | 2378 ||| FLEEEEING.
  2379 | D:3      | 2379 ||| FLEEEEING.
  2380 | D:3      | 2380 ||| FLEEEEING.
  2381 | D:3      | 2381 ||| STAIRDANCE
  2439 | D:2      | 2439 ||| UPGRADING to ring of see invisible.
  2440 | D:2      | 2440 ||| READING scroll labelled OVIEDGH ELLICUO.
  2524 | D:3      | HP: 7/45 [gnoll/+0 spear (6)]
  2525 | D:3      | 2525 ||| READING scroll of teleportation.
  2525 | D:3      | HP: 1/45 [kobold brigand/+0 short sword (5)]
  2525 | D:3      | Slain by a gnoll

Levels and vault maps discovered:
D:1:      minmay_arrival_split_and_join, layout_loops_ring
D:2:      layout_rooms, serial_undead, serial_undead_c, serial_undead_b,
          serial_undead_e, serial_undead_a, serial_undead_f, serial_undead_a,
          minmay_fractal_squares_5
D:3:      minmay_goblin_kobold_castle, layout_loops_cross, serial_shops, shop

Skill      XL: |  1  2  3  4 |
---------------+-------------+-----
Ranged Weapons | 3 4 5 |  5.9
Fighting       | 2 3 |  3.0
Armour         | 1 |  1.0
Dodging        | |  2.1
Spellcasting   | |  1.0
Hexes          | |  2.0

Action                     |  1- 3 |  4- 6 || total
---------------------------+-------+-------++-------
   Fire: Sling             |   148 |   161 ||   309
    Use: Scroll            |     5 |     4 ||     9
         Potion            |     1 |     3 ||     4
 Armour: Robe              |     7 |       ||     7
         Ring mail         |    19 |    46 ||    65
  Dodge: Dodged            |    54 |    89 ||   143

Table legend:
 A = Non-vault XP
 B = Vault XP
 C = Vault XP percentage of total XP
 D = Non-vault monster count
 E = Vault monster count
 F = Vault count percentage of total count
                 A         B        C        D         E       F
            +---------+---------+-------+---------+---------+-------
      Total |     232 |      88 |  27.5 |      76 |      34 |  30.9
            +---------+---------+-------+---------+---------+-------
        D:1 |      53 |       0 |   0.0 |      32 |       0 |   0.0
        D:2 |      62 |      10 |  13.9 |      21 |       6 |  22.2
        D:3 |     117 |      78 |  40.0 |      23 |      28 |  54.9
            +---------+---------+-------+---------+---------+-------
